 Dungeon Crawl Stone Soup version 0.17-a0-129-g9432df0 (webtiles) character file.

969 Ngotmuk the Basher (level 7, 0/61 HPs)
             Began as a Deep Dwarf Fighter on Mar 24, 2015.
             Killed from afar by Ijyb (11 damage)
             ... with a wand of cold
             ... on level 5 of the Dungeon.
             The game lasted 00:17:58 (4821 turns).

Ngotmuk the Basher (Deep Dwarf Fighter)             Turns: 4821, Time: 00:17:59

Health: 0/61       AC: 13    Str: 22    XL:     7   Next: 94%
Magic:  7/7        EV: 12    Int:  8    God:
Gold:   195        SH:  0    Dex: 12    Spells: 0 memorised, 6 levels left

rFire  . . .     SeeInvis .     a - +1 flail
rCold  . . .     Clarity  .     g - +0 chain mail
rNeg   . . .     SustAb   .     (no shield)
rPois  .         Gourm    .     r - +0 helmet
rElec  .         Spirit   .     z - +1 cloak
rCorr  .         Warding  .     (no gloves)
rMut   .         Rnd*Tele +     i - +0 pair of boots
MR     +....                    s - amulet of rage
Stlth  ..........               w - +3 ring of evasion
                                t - ring of teleportation (curse)

@: non-regenerating, somewhat resistant to hostile enchantments, extremely
unstealthy
A: damage resistance, recharge devices, sense surroundings 1, slow healing 3
a: Device Recharging, Evoke Berserk Rage, Evoke Teleportation


You were on level 5 of the Dungeon.
You were not hungry.

You visited 1 branch of the dungeon, and saw 7 of its levels.
You also visited: Sewer.

You collected 195 gold pieces.

Inventory:

Hand weapons
 a - a +1 flail (weapon)
Armour
 g - a +0 chain mail (worn)
 i - a +0 pair of boots (worn)
 r - a +0 helmet (worn)
 z - a +1 cloak (worn)
Jewellery
 s - an amulet of rage (around neck)
 t - a cursed ring of teleportation (left hand)
 w - a +3 ring of evasion (right hand)
Magical devices
 d - a wand of heal wounds (2)
 G - a wand of polymorph (13)
 H - a wand of random effects (30)
Scrolls
 b - a scroll of enchant weapon
 k - 3 scrolls of enchant armour
 l - a scroll of recharging
 m - 2 scrolls of identify
 o - 3 scrolls of teleportation
 v - a scroll of holy word {unknown}
 x - 2 scrolls of blinking
 E - 3 scrolls of magic mapping
Potions
 c - 4 potions of brilliance {unknown}
 e - a potion of might
 h - 5 potions of restore abilities {unknown}
 j - 5 potions of heal wounds {unknown}
 n - 3 potions of haste {unknown}
 p - a potion of magic {unknown}
 q - a potion of lignification {unknown}
 A - 2 potions of curing {unknown}
 B - a potion of agility {unknown}
 C - a potion of cancellation {unknown}
 D - a potion of invisibility
Comestibles
 f - 4 bread rations
 u - a meat ration
 F - 2 fruits


   Skills:
 - Level 2.6 Fighting
 * Level 8.2 Maces & Flails
 - Level 3.2 Armour
 + Level 4.7 Dodging
   Level 3.2 Shields


You had 6 spell levels left.
You didn't know any spells.

Dungeon Overview and Level Annotations

Branches:
Dungeon (7/15)
 Temple: D:4-7

Altars:
Ashenzari
Cheibriados
Dithmenos
Sif Muna
The Shining One

Shops:
D:5 (

Annotations:
D:5 Ijyb


Innate Abilities, Weirdness & Mutations

You are resistant to damage.
You can recharge devices by infusing magical energy.
You passively map a small area around you.
You do not heal naturally.


Message History

You hit the active ballistomycete!
You destroy the active ballistomycete!
You hit the active ballistomycete!
The active ballistomycete is moderately damaged.
You hit the active ballistomycete!
The active ballistomycete is severely damaged.
You hit the active ballistomycete!
You destroy the active ballistomycete!
The fungal colony is destroyed.
Found a stone staircase leading up.
A giant newt and Ijyb come into view.
Ijyb zaps a wand.
The bolt of cold hits the giant newt.
The giant newt dies!
The bolt of cold hits you!
* * * LOW HITPOINT WARNING * * *
It is a wand of cold.
You see here a giant newt corpse.
You closely miss Ijyb. Ijyb hits you but does no damage.
You closely miss Ijyb.
Ijyb zaps a wand.
The bolt of cold hits you!
You die...

#.....................#.
#..######.###.........##
#..######.#..........##
#.......#.####.#...#.#
##.................... *
######.#.####.#...#.#. ,
.........#.# #.#...#.#
,* *##########.# .
.......g@†.# ,* * *
############ *, , , ,


You could see Ijyb.

Vanquished Creatures
  A phantom (D:4)
  A centaur (D:5)
  The ghost of Pikaro the Chiller, an average MfIE (D:3)
  Sigmund (D:4)
  A scorpion (D:5)
  A crimson imp (D:3)
  A giant frog zombie (D:5)
  2 orc priests (D:3)
  A jelly (D:5)
  3 orc wizards
  4 worker ants
  2 hound skeletons (D:4)
  Robin (D:2)
  10 adders
  A shadow imp (D:5)
  2 giant mites (D:5)
  2 worms (D:3)
  2 giant geckos
  10 orcs
  A giant cockroach (D:1)
  14 goblins
  17 hobgoblins
  4 jackals
  19 kobolds
  7 quokkas
  7 ball pythons
  10 bats
  A giant gecko skeleton (D:4)
  7 giant newts
  10 rats
  5 ballistomycetes (D:5)
149 creatures vanquished.

Vanquished Creatures (others)
  A giant newt (D:5)
  A giant spore (D:5)
2 creatures vanquished.

Grand Total: 151 creatures vanquished

Notes
Turn   | Place    | Note
--------------------------------------------------------------
     0 | D:1      | Ngotmuk, the Deep Dwarf Fighter, began the quest for the Orb.
     0 | D:1      | Reached XP level 1. HP: 20/20 MP: 1/1
   259 | D:1      | Reached XP level 2. HP: 27/27 MP: 2/2
   834 | D:2      | Noticed Robin
   967 | D:2      | Reached XP level 3. HP: 26/33 MP: 3/3
  1023 | D:2      | Reached skill level 4 in Maces & Flails
  1127 | D:2      | Killed Robin
  1130 | D:2      | Reached XP level 4. HP: 14/40 MP: 4/4
  1533 | D:3      | Reached skill level 5 in Maces & Flails
  1544 | D:3      | Reached skill level 1 in Dodging
  1544 | D:3      | Reached XP level 5. HP: 32/46 MP: 5/5
  2027 | D:3      | Noticed Pikaro's ghost (average MfIE)
  2048 | D:3      | Killed Pikaro's ghost
  2048 | D:3      | Reached skill level 6 in Maces & Flails
  2048 | D:3      | Reached XP level 6. HP: 11/55 MP: 6/6
  2737 | D:4      | Reached XP level 7. HP: 11/61 MP: 7/7
  2870 | D:4      | Found a shattered altar of Ashenzari.
  2969 | D:4      | Noticed Sigmund
  3005 | D:4      | Killed Sigmund
  3005 | D:4      | Reached skill level 7 in Maces & Flails
  3140 | D:4      | You fall through a shaft for 3 floors!
  3445 | D:6      | Found a shadowy altar of Dithmenos.
  3445 | D:6      | Found a deep blue altar of Sif Muna.
  3447 | D:6      | Found a glowing golden altar of the Shining One.
  3467 | D:5      | Entered Level 5 of the Dungeon
  3791 | D:5      | Found Skiff's Weapon Shoppe.
  3872 | D:5      | Reached skill level 8 in Maces & Flails
  3926 | D:5      | Found a glowing drain.
  3942 | Sewer    | Entered a sewer
  4663 | D:5      | Found a snail-covered altar of Cheibriados.
  4817 | D:5      | Noticed Ijyb
  4821 | D:5      | Killed from afar by Ijyb

Action                   |  1- 3 |  4- 6 |  7- 9 || total
-------------------------+-------+-------+-------++-------
Melee: Flail             |   145 |   236 |   244 ||   625
Evoke: Wand              |     1 |     3 |     3 ||     7
  Use: Scroll            |       |     1 |    10 ||    11
  Eat: Bread ration      |       |     1 |       ||     1
       Fruit             |       |     3 |       ||     3
       Meat ration       |       |       |     2 ||     2
